cohdb
Replays
Latest Replays
All Replays
Popular Replays
Top Player Replays
Match Explorer
How It Works
Community
CoH3 Stats
Reddit
Sign in to upload your games and track your stats! →
Sign in with Steam
Match 41458519
Unlisted
Match 41458519
Overview
Messages
Build Orders
End
Panzergrenadier Squad
Selects Italian Infantry
Panzergrenadier Squad
Construct Light Support Kompanie
MG34 Team
Selects Defensive Operations
Fire Support Elements
2.5-tonne Medical Truck
Forward Retreat Point
Pak 38 Anti-tank Gun Team
Selects Guastatori Squad
Selects Registered Artillery
le.IG 18 Mechanized Group
Construct Panzerarmee Kommand
Selects Territory Booby Traps
Combat Half-tracks
Armored Reserves
Registered Artillery
Registered Artillery
Selects Obice 305mm Barrage
Guastatori Squad
2.5-tonne Medical Truck
Selects Towed Cannone da 105/28 Field Howitzer
Tiger Heavy Tank
Guastatori Squad
arbif99
WPK_Shadow
Maverick
Particycles
stalker
oldeenglishdry
0
0
Comments
sign in to comment!
No comments posted yet!